 Dungeon Crawl Stone Soup version 0.29.1-15-g9cfb28693d (webtiles) character file.

Game seed: 12303553221553523116

8 MrMuggins the Cudgeller (level 2, -1/25 HPs)
             Began as a Minotaur Gladiator on Mar 31, 2023.
             Slain by a gnoll
             ... wielding a +0 spear
              (3 damage)
             ... on level 1 of the Dungeon.
             The game lasted 00:08:07 (139 turns).

MrMuggins the Cudgeller (Minotaur Gladiator)         Turns: 139, Time: 00:08:07

Health: -1/25      AC:  4    Str: 18    XL:     2   Next: 0%
Magic:  1/1        EV: 12    Int:  5    God:
Gold:   9          SH:  0    Dex: 11    Spells: 1/1 levels left

rFire   . . .      SeeInvis .   a - +0 flail
rCold   . . .      Faith    .   (no shield)
rNeg    . . .      Spirit   .   b - +0 leather armour
rPois   .          Reflect  .   c - +0 hat
rElec   .          Harm     .   j - +0 cloak
rCorr   .          Rampage  .   (no gloves)
Will    .....                   (no boots)
Stlth   +.........              (no amulet)
HPRegen 0.08/turn               (no ring)
MPRegen 0.07/turn               (no ring)

@: no status effects
A: horns 2, retaliatory headbutt
a: no special abilities


You were on level 1 of the Dungeon.
You visited 1 branch of the dungeon, and saw 1 of its levels.

You collected 9 gold pieces.

Inventory:

Hand Weapons
 a - a +0 flail (weapon)
Missiles
 f - 3 throwing nets (quivered)
 g - a javelin
Armour
 b - a +0 leather armour (worn)
 c - a +0 hat (worn)
 j - a +0 cloak (worn)
Scrolls
 d - a scroll of identify {unknown}
 h - a scroll of vulnerability {unknown}
Potions
 e - a potion of heal wounds {unknown}


   Skills:
 + Level 2.4 Fighting
 + Level 4.0 Maces & Flails
 + Level 2.1 Throwing
 + Level 3.4 Dodging


You had one spell level left.
You didn't know any spells.
Your spell library was empty.

Dungeon Overview and Level Annotations

Branches:
Dungeon (1/15)

Altars:


Innate Abilities, Weirdness & Mutations

You have a pair of horns on your head.
You reflexively headbutt those who attack you in melee.


Message History

You throw a stone. The goblin shouts!
The stone hits the hobgoblin.
The hobgoblin is lightly wounded.
Throw: 4 stones
Press: ? - help, Q - select action, (/) - cycle Shift-Dir - straight line, f/p - hobgoblin
Aim: a hobgoblin (lightly wounded, 57% to hit)
You throw a stone. The stone hits the hobgoblin.
The hobgoblin is severely wounded.
You closely miss the hobgoblin. You headbutt the hobgoblin.
You kill the hobgoblin!
The gnoll hits you from afar with a +0 spear.
You have reached level 2!
Throw: 3 stones
Press: ? - help, Q - select action, (/) - cycle Shift-Dir - straight line, f - gnoll
Aim: a gnoll, wielding a +0 spear (61% to hit)
You throw a stone.
The stone hits the gnoll but does no damage.
The gnoll barely misses you.
There are no items here.
Throw: 2 stones
Press: ? - help, Q - select action, (/) - cycle Shift-Dir - straight line, f/p - gnoll
Aim: a gnoll, wielding a +0 spear (61% to hit)
You throw a stone. The stone barely misses the gnoll.
The gnoll barely misses you.
Throw: stone
Press: ? - help, Q - select action, (/) - cycle Shift-Dir - straight line, f/p - gnoll
Aim: a gnoll, wielding a +0 spear (61% to hit)
You throw a stone. The stone barely misses the gnoll.
The stone hits the goblin.
The goblin is moderately wounded.
The gnoll hits you from afar with a +0 spear.
The gnoll hits you with a +0 spear.
You barely miss the gnoll. Your headbutt misses the gnoll.
The gnoll hits you with a +0 spear.
* * * LOW HITPOINT WARNING * * *
The gnoll attacks as you move away! The gnoll hits you with a +0 spear.
* * * LOW HITPOINT WARNING * * *
The gnoll hits you from afar with a +0 spear.
You die...

...... ###...# #.....≈..
...... #...#.### #.....≈.⌠
...... #.....# #.....≈..
......###.###.#.######.....#..
.........................##≈
.g....###.#.####...#####..
#.####.g...........†.†...
#.†g...#.###...##.##.###.
########@#........##.# ##
#......##.#.######.#
...#######.#.# #.# #.#.# #.# .
#.#.# #.# . ..#.# #.#


You could see a gnoll.

Vanquished Creatures
  An endoplasm (D:1)
  2 hobgoblins (D:1)
  3 jackals (D:1)
6 creatures vanquished.

Notes
Turn   | Place    | Note
-------+----------+-------------------------------------------
     0 | D:1      | MrMuggins the Minotaur Gladiator began the quest for the
                  | Orb.
     0 | D:1      | Reached XP level 1. HP: 18/18 MP: 0/0
    57 | D:1      | Reached skill level 4 in Maces & Flails
   128 | D:1      | Reached XP level 2. HP: 17/25 MP: 1/1
   139 | D:1      | Slain by a gnoll

Illustrated notes

Levels and vault maps discovered:
D:1:      dpeg_arrival_rooms_with_view, layout_basic,
          dreamdust_ecumenical_altar_statues

Skill      XL: |  1 |
---------------+----+-----
Maces & Flails | 4 |  4.0
Fighting       | |  2.4
Throwing       | |  2.1
Dodging        | |  3.4

Action                   || total
-------------------------++-------
Melee: Flail             ||    16
       Headbutt          ||     2
Throw: Stone             ||     6
       Throwing net      ||     3
       Javelin           ||     1
Armor: Leather armour    ||     8
Dodge: Dodged            ||     9
